 Dungeon Crawl Stone Soup version 0.18-a0-1570-gf60b0ab (webtiles) character file.

6321 Ratboiler the Basher (level 10, -1/49 HPs)
             Began as a Vine Stalker Wanderer on Mar 13, 2016.
             Was a High Priest of Okawaru.
             Slain by a minotaur
             ... wielding a +4 rod of clouds (5/12)
              (7 damage)
             ... in a labyrinth on Mar 14, 2016.
             The game lasted 00:32:13 (9290 turns).

Ratboiler the Basher (Vine Stalker Wanderer)        Turns: 9290, Time: 00:32:13

Health: -1/49      AC: 10    Str: 16    XL:     10   Next: 95%
Magic:  0/20       EV: 15    Int: 12    God:    Okawaru [*****.]
Gold:   233        SH:  6    Dex: 21    Spells: 2 memorised, 6 levels left

rFire  . . .     SeeInvis +     a - +2 mace (crush)
rCold  . . .     Gourm    .     e - +0 ring mail
rNeg   . . .     Faith    .     (no shield)
rPois  +         Spirit   +     Z - +2 helmet
rElec  .         Dismiss  .     y - +0 cloak
rCorr  .         Reflect  +     (no gloves)
SustAt .         Harm     .     M - +0 pair of boots
MR     +....                    T - +6 amulet of reflection
Stlth  ++........               V - ring of see invisible
                                E - ring of magical power

@: agile, somewhat resistant to hostile enchantments, unstealthy
A: fangs 3, poison resistance, regeneration 2, magic shield, antimagic bite, no
device heal 3, rot immunity
a: Heroism, Finesse, Renounce Religion


You were in a labyrinth.
You worshipped Okawaru.
Okawaru was extremely pleased with you.
You were full.

You visited 2 branches of the dungeon, and saw 12 of its levels.
You also visited: Labyrinth.

You collected 763 gold pieces.
You spent 530 gold pieces at shops.

Inventory:

Hand Weapons
 a - a +2 mace of crushing (weapon)
 b - a +2 shortbow
 O - a +0 blowgun
 Q - a +0 falchion of distortion
Missiles
 h - 8 steel tomahawks (quivered)
 n - 30 poisoned needles
 u - 159 arrows
 A - 14 bolts
 H - 2 throwing nets
 J - 6 poisoned arrows
 Y - 11 arrows of frost
Armour
 e - a +0 ring mail (worn)
 y - a +0 cloak (worn)
 M - a +0 pair of boots (worn)
 Z - a +2 helmet (worn)
Jewellery
 B - an uncursed ring of fire
 D - an uncursed ring of resist corrosion
 E - a ring of magical power (left hand)
 T - a +6 amulet of reflection (around neck)
 V - a ring of see invisible (right hand)
Wands
 c - a wand of digging (10/24)
 d - a wand of disintegration (11/24)
 G - a wand of iceblast (1/15)
 I - a wand of lightning (9/15)
Scrolls
 g - 5 scrolls of recharging {unknown}
 i - 2 scrolls of immolation {unknown}
 l - a scroll of fear
 m - a scroll of random uselessness {unknown}
 o - 5 scrolls of amnesia
 p - 5 scrolls of remove curse
 s - 3 scrolls of teleportation
 F - a scroll of magic mapping
 K - a scroll of noise {unknown}
 L - 2 scrolls of enchant weapon {unknown}
 S - 3 scrolls of enchant armour {unknown}
 W - a scroll of fog {unknown}
Potions
 j - a potion of cure mutation
 k - a potion of flight
 v - a potion of ambrosia
 x - 3 potions of curing
 N - a potion of resistance
 P - a potion of cancellation
 R - 3 potions of brilliance
 U - a potion of lignification
Comestibles
 f - 9 bread rations
 t - 2 royal jellies
 w - 4 meat rations
 X - a slice of pizza


   Skills:
 - Level 3.8 Fighting
 + Level 13.9 Maces & Flails
 - Level 1.0 Bows
   Level 1.0 Crossbows
 - Level 1.0 Throwing
 - Level 2.4 Armour
 - Level 1.2 Stealth


You had 6 spell levels left.
You knew the following spells:

 Your Spells              Type           Power        Failure   Level  Hunger
a - Apportation           Tloc           #.........   65%         1    ##.....
b - Blink                 Tloc           N/A          86%         2    ###....


Dungeon Overview and Level Annotations

Branches:
Dungeon (9/15)             Temple (0/1) D:6            Lair (3/8) D:9
  Swamp: Lair:3-6    Shoals: Lair:3-6     Snake: Lair:3-6    Spider: Lair:3-6
    Orc: D:9-12

Altars:
Ashenzari
Cheibriados
Dithmenos
Makhleb
Okawaru
Vehumet
Xom
The Shining One

Shops:
D:4 [   D:6 *   D:8 ?==

Annotations:
Lair:1 exclusion: hydra
Lair:2 exclusions: hydra and upstairs
Lair:3 Harold


Innate Abilities, Weirdness & Mutations

You have razor-sharp teeth.
You heal very quickly.
When hurt, damage is shared between your health and your magic reserves.
Your bite disrupts and absorbs the magic of your enemies.
Potions and wands cannot restore your health.
You are immune to rotting.
Your system is resistant to poisons.


Message History

The minotaur gores you but does no damage.
You feel a little less agile now.
Drink which item? (? for menu, Esc to quit)
You feel agile all of a sudden.
The minotaur hits you with a rod of clouds.
The minotaur closely misses you.
a - a +2 mace of crushing (weapon)
The minotaur hits you with a rod of clouds!!
The minotaur gores you but does no damage.
You hit the minotaur.
You bite the minotaur, but do no damage.
The minotaur is moderately wounded.
You hit the minotaur but do no damage.
The minotaur is moderately wounded.
The minotaur hits you with a rod of clouds!!
* * * LOW HITPOINT WARNING * * *
The minotaur gores you.
* * * LOW HITPOINT WARNING * * *
The minotaur hits you with a rod of clouds!
You die...

### ###
#...#.# ###
# #.#.#####
# # #.#....
..# ##.
.#.#######.#
#.. #.#..
#.#.# #### .
## #.# #.#.#
#.. #. #(..
#.H.# ..
...###.#
#@### ### #
.. ...#...#
. .. ## #
#.### ###
......#. . .
. ##.# # #.#
. H ยง..# .
## .#..# #
#..#


You could see a minotaur.

Vanquished Creatures
  A wyvern (D:8)
  8 yaks
  2 basilisks (Lair:2)
  3 hippogriffs
  A hungry ghost (D:7)
  A steam dragon (D:9)
  3 water moccasins
  2 sky beasts
  2 ice beasts
  3 ogres
  A phantom (D:9)
  4 centaurs
  2 crocodiles
  A big kobold (D:7)
  12 giant frogs
  A wyvern skeleton (D:9)
  A scorpion (D:4)
  4 wights (D:8)
  3 killer bees
  3 howler monkeys
  2 crimson imps
  A centaur zombie (D:9)
  A giant frog zombie (D:6)
  A jelly (D:5)
  2 orc priests
  2 centaur skeletons
  3 hounds
  2 orc wizards (D:9)
  4 iguanas
  Ijyb (D:2)
  Natasha (twice) (D:2)
  Terence (D:2)
  8 worker ants
  7 sheep
  A hound zombie (D:5)
  A hound skeleton (D:8)
  2 worker ant zombies
  8 adders
  3 gnolls (D:6)
  2 river rats (Lair:2)
  3 shadow imps
  2 oozes
  3 adder skeletons
  4 worms
  6 dart slugs
  4 giant geckos
  6 orcs
  A ball python (D:5)
  5 giant cockroaches
  7 hobgoblins
  7 jackals
  11 kobolds
  2 quokkas
  8 bats
  6 giant newts
  7 goblins
  A jackal zombie (D:6)
  5 rats
200 creatures vanquished.

Vanquished Creatures (others)
  An orc priest (D:3)
  An orc (D:3)
  A fungus (Lair:2)
3 creatures vanquished.

Grand Total: 203 creatures vanquished

Notes
Turn   | Place    | Note
--------------------------------------------------------------
     0 | D:1      | Ratboiler the Vine Stalker Wanderer began the quest for the Orb.
     0 | D:1      | Ratboiler set off with: a +2 shortbow, 28 arrows, a +0 hand crossbow, 26 bolts, a +0 ring mail, a bread ration
     0 | D:1      | Reached XP level 1. HP: 11/11 MP: 2/2
    25 | D:1      | Reached XP level 2. HP: 12/16 MP: 3/3
    35 | D:1      | Upgraded the game from 0.18-a0-1562-gac8da35 to 0.18-a0-1570-gf60b0ab
   286 | D:1      | Reached XP level 3. HP: 19/21 MP: 4/4
   461 | D:1      | Found a shimmering altar of Xom.
   638 | D:2      | Noticed Terence
   660 | D:2      | Killed Terence
   660 | D:2      | Reached skill level 1 in Maces & Flails
   719 | D:2      | Found a shadowy altar of Dithmenos.
   745 | D:2      | Reached XP level 4. HP: 25/25 MP: 5/5
   751 | D:2      | Noticed Natasha
   754 | D:2      | Killed Natasha
   754 | D:2      | Reached skill level 2 in Maces & Flails
   942 | D:2      | Found a glowing golden altar of the Shining One.
  1032 | D:2      | Reached XP level 5. HP: 29/29 MP: 6/6
  1037 | D:2      | Reached skill level 3 in Maces & Flails
  1043 | D:2      | Noticed Ijyb
  1058 | D:2      | Killed Ijyb
  1461 | D:2      | Noticed Natasha
  1467 | D:2      | Killed Natasha
  1722 | D:3      | Found a radiant altar of Vehumet.
  1774 | D:3      | Found a shattered altar of Ashenzari.
  1972 | D:3      | Found an iron altar of Okawaru.
  2002 | D:3      | Reached skill level 4 in Maces & Flails
  2002 | D:3      | Gained mutation: You heal very quickly. [Vine Stalker growth]
  2002 | D:3      | Reached XP level 6. HP: 33/33 MP: 7/7
  2031 | D:3      | Noticed a hippogriff
  2186 | D:3      | Became a worshipper of Warmaster Okawaru
  2240 | D:4      | Found Maufedgh's Armour Boutique.
  2243 | D:4      | Bought a cursed +0 cloak for 18 gold pieces
  2243 | D:4      | Bought a +0 helmet for 54 gold pieces
  2407 | D:4      | Reached skill level 5 in Maces & Flails
  3019 | D:5      | Entered Level 5 of the Dungeon
  3065 | D:5      | Found a snail-covered altar of Cheibriados.
  3068 | D:5      | Found a shimmering altar of Xom.
  3074 | D:5      | Found a burning altar of Makhleb.
  3096 | D:5      | Reached * piety under Okawaru
  3096 | D:5      | Reached skill level 6 in Maces & Flails
  3096 | D:5      | Reached XP level 7. HP: 13/37 MP: 3/8
  3989 | D:6      | Found a staircase to the Ecumenical Temple.
  3999 | D:6      | Reached ** piety under Okawaru
  3999 | D:6      | Reached skill level 7 in Maces & Flails
  4004 | D:6      | Gained mutation: Your system is resistant to poisons. [mutagenic meat]
  4060 | D:6      | Gained mutation: You have razor-sharp teeth. [Vine Stalker growth]
  4060 | D:6      | Reached XP level 8. HP: 35/42 MP: 9/9
  4334 | D:6      | Found Luatas's General Store.
  4337 | D:6      | Bought a scroll of identify for 22 gold pieces
  4337 | D:6      | Bought a scroll of fear for 38 gold pieces
  4377 | D:6      | Reached skill level 8 in Maces & Flails
  5037 | D:7      | Reached *** piety under Okawaru
  5037 | D:7      | Reached skill level 9 in Maces & Flails
  5991 | D:8      | Reached XP level 9. HP: 40/45 MP: 10/10
  6094 | D:8      | Reached skill level 10 in Maces & Flails
  6185 | D:8      | Found Tusmofif's Jewellery Boutique.
  6199 | D:8      | Bought a +6 amulet of reflection for 275 gold pieces
  6319 | D:8      | Found Cos Maba's Magic Scroll Shop.
  6323 | D:8      | Bought a scroll of magic mapping for 45 gold pieces
  6323 | D:8      | Bought a scroll of teleportation for 39 gold pieces
  6323 | D:8      | Bought a scroll of remove curse for 39 gold pieces
  6421 | D:8      | Found Xutzaix's Jewellery Shop.
  6634 | D:8      | Got a dazzling hand axe
  6635 | D:8      | Identified the cursed +2 hand axe of Keafiaf {elec, *Rage rElec rN+} (You found it on level 8 of the Dungeon)
  6666 | D:8      | Reached skill level 11 in Maces & Flails
  6915 | D:9      | Reached **** piety under Okawaru
  7163 | D:9      | Reached skill level 12 in Maces & Flails
  7163 | D:9      | Reached XP level 10. HP: 41/49 MP: 9/11
  7225 | D:9      | Found a staircase to the Lair.
  7631 | D:9      | Received a gift from Okawaru
  7672 | Lair:1   | Entered Level 1 of the Lair of Beasts
  7738 | Lair:1   | Learned a level 1 spell: Apportation
  7741 | Lair:1   | Learned a level 2 spell: Blink
  8016 | Lair:1   | Reached skill level 13 in Maces & Flails
  8032 | Lair:1   | Reached ***** piety under Okawaru
  8246 | Lair:1   | Noticed an eight-headed hydra
  8478 | Lair:2   | Noticed a seven-headed hydra
  8864 | Lair:2   | Noticed a four-headed hydra
  8923 | Lair:3   | Noticed Harold
  8987 | Lair:3   | Noticed a spiny frog
  9072 | Lair:3   | Found a labyrinth entrance.
  9086 | Lab      | Entered a labyrinth
  9216 | Lab      | Noticed a minotaur
  9281 | Lab      | HP: 2/49 [minotaur/rod of clouds (18)]
  9290 | Lab      | Identified a +4 rod of clouds (5/12)
  9290 | Lab      | Slain by a minotaur

Vault maps used:
D:1:      minmay_arrival_semitransparent, serial_bayou_pond_e, xom_teletrap_fun
D:2:      wad_lake_hut, lemuel_doored_altar, nicolae_tso_carved_into_rock,
          first_bread, serial_park_tiny_pond, guppyfry_early_orc_mine,
          uniq_iyjb, uniq_terence, uniq_natasha
D:3:      fiery_altar_vehumet, overflow_temple_1_default,
          nicolae_ashenzari_panopticon
D:4:      serial_shops, nicolae_shop_behind_doors,
          minmay_misc_feat_more_columns, minmay_misc_feat_plants
D:5:      grunt_temple_overflow_diamond
D:6:      minmay_temple_entry_overgrown, serial_shops, nicolae_shop_stone
D:8:      serial_shops, shop, shop, shop
D:9:      lemuel_coloured_pillars_altar, dpeg_lair_monsters
Lair:1:   columned_hall_lemuel, lemuel_old_faithful
Lair:2:   infiniplex_staircase_pool, grunt_megastairs_5, uniq_nergalle
Lair:3:   lab_entry_generic, uniq_harold
Lab:      labyrinth_mini_lab

Skill      XL: |  1  2  3  4  5  6  7  8  9 10 |
---------------+-------------------------------+-----
Fighting       | 3 |  3.8
Maces & Flails | 1 2 4 6 7 9 12 13 | 13.9
Bows           | |  1.0
Crossbows      | |  1.0
Throwing       | |  1.0
Armour         | |  2.4
Stealth        | |  1.2

Action                   |  1- 3 |  4- 6 |  7- 9 | 10-12 || total
-------------------------+-------+-------+-------+-------++-------
Melee: Club              |     4 |       |       |       ||     4
       Mace              |       |   100 |   305 |   243 ||   648
       Hand axe          |       |       |     4 |       ||     4
 Fire: Shortbow          |    42 |    65 |    19 |    17 ||   143
       Hand crossbow     |    26 |       |       |       ||    26
       Blowgun           |       |       |       |     5 ||     5
Throw: Tomahawk          |       |       |     3 |       ||     3
Invok: Heroism           |       |       |       |     1 ||     1
Evoke: Wand              |       |       |       |     1 ||     1
  Use: Scroll            |       |       |    10 |     7 ||    17
       Potion            |       |       |       |     6 ||     6
 Stab: Sleeping          |       |     2 |     2 |       ||     4
  Eat: Chunk             |       |     7 |    10 |     5 ||    22
       Fruit             |       |       |     2 |     2 ||     4
       Meat ration       |       |       |     1 |     1 ||     2
       Pizza             |       |       |     1 |       ||     1
